 Dungeon Crawl Stone Soup version 0.26-a0-667-g92642533e4 (webtiles) character file.

Game seed: 2152592647119155009

1122 voltaire321 the Stinger (level 8, -1/51 HPs)
             Began as an Octopode Venom Mage on Oct 17, 2020.
             Slain by a steam dragon (7 damage)
             ... on level 6 of the Dungeon.
             The game lasted 00:37:37 (7764 turns).

voltaire321 the Stinger (Octopode Venom Mage)       Turns: 7764, Time: 00:37:37

Health: -1/51      AC:  1    Str:  8    XL:     8   Next: 35%
Magic:  9/13       EV: 14    Int: 19    God:
Gold:   307        SH:  0    Dex: 12    Spells: 7/13 levels left

rFire    . . .     SeeInvis .   g - +1 whip (flame)
rCold    . . .     Faith    .   (no shield)
rNeg     . . .     Spirit   .   (helmet restricted)
rPois    .         Reflect  .   (no amulet)
rElec    .         Harm     .   (no ring)
rCorr    .         Rampage  .   (no ring)
MR       .....                  (no ring)
Stlth    ++++......             (no ring)
HPRegen  0.17/turn              (no ring)
MPRegen  0.13/turn              (no ring)
                                (no ring)
                                (no ring)

@: no status effects
A: almost no armour, stealthy swim, amphibious, 8 rings, constrict 8, camouflage
1, gelatinous body 1
a: no special abilities


You were on level 6 of the Dungeon.
You visited 1 branch of the dungeon, and saw 6 of its levels.
You also visited: Sewer.

You collected 307 gold pieces.

Inventory:

Hand Weapons
 g - a +1 whip of flaming (weapon)
 p - a +2 flail of protection
 y - a +0 rapier
 D - a +2 trident of protection
 E - a cursed -2 dagger
Missiles
 t - 3 javelins (quivered)
Armour
 r - a +2 buckler of positive energy
 v - a +0 kite shield
Jewellery
 b - an uncursed ring of fire {unknown}
 j - an uncursed ring of wizardry {unknown}
 u - an uncursed amulet of guardian spirit
 F - a +4 ring of slaying {unknown}
Wands
 x - a wand of polymorph (2)
Scrolls
 c - a scroll of remove curse {unknown}
 e - a scroll of fog {unknown}
 f - 3 scrolls of amnesia
 i - 2 scrolls of identify
 k - 2 scrolls of immolation
 m - a scroll of fear {unknown}
 n - 3 scrolls of teleportation
 o - a scroll of random uselessness {unknown}
 B - a scroll of summoning {unknown}
 C - a scroll of enchant armour {unknown}
Potions
 a - a potion of heal wounds {unknown}
 d - a potion of curing
 h - 2 potions of stabbing {unknown}
 l - 3 potions of mutation {unknown}
 q - 2 potions of degeneration {unknown}
 s - 6 potions of flight
 w - a potion of magic {unknown}
 z - a potion of lignification {unknown}
 A - a potion of might


   Skills:
 + Level 2.5 Fighting
 + Level 3.6 Dodging
 + Level 4.4 Stealth
 * Level 3.2 Shields
 + Level 3.3 Spellcasting
 * Level 3.3 Conjurations
 + Level 2.9 Transmutations
 * Level 3.5 Air Magic
 + Level 5.0 Poison Magic


You had 7 spell levels left.
You knew the following spells:

 Your Spells              Type           Power        Failure   Level
a - Sting                 Tmut/Pois      ###.         3%          1
b - Poisonous Vapours     Pois/Air       ###...       3%          2
c - Mephitic Cloud        Conj/Pois/Air  ###.....     9%          3

Your spell library contained the following spells:

 Spells                   Type           Power        Failure   Level
 Ignite Poison            Fire/Tmut/Pois ##......     16%         3
 Olgreb's Toxic Radiance  Pois           ###.....     19%         4
 Confusing Touch          Hex            #.......     41%         3
 Gell's Gravitas          Tloc           #.........   41%         3
 Petrify                  Tmut/Erth      #.......     63%         4
 Yara's Violent Unravell  Hex/Tmut       #.........   92%         5
 Metabolic Englaciation   Hex/Ice        #.........   99%         5


Dungeon Overview and Level Annotations

Branches:
Dungeon (6/15)              Sewer (visited)
 Temple: D:4-7

Altars:
Cheibriados
Dithmenos
Elyvilon
Gozag
Ru
Trog
Wu Jian
The Shining One
Beogh

Shops:
D:4 =

Annotations:
D:3 3 runed translucent doors, Katz's ghost, amateur OgHu
D:5 Grinder


Innate Abilities, Weirdness & Mutations

You cannot wear most types of armour.
You are very stealthy in the water. (Stealth+)
You are amphibious.
You can wear up to eight rings at the same time.
You can use your tentacles to constrict eight enemies at once.
Your skin changes colour to match your surroundings (Stealth+).
Your rubbery body absorbs attacks. (AC +1, EV +1)


Message History

The steam dragon is moderately wounded.
The steam dragon closely misses you. The steam dragon claws you.
You hit the steam dragon but do no damage.
You squeeze the steam dragon.
The steam dragon is moderately wounded.
The steam dragon bites you. The steam dragon claws you.
The steam dragon completely misses you. The steam dragon misses you.
You barely miss the steam dragon. You squeeze the steam dragon.
The steam dragon is heavily wounded.
The steam dragon bites you!
The steam dragon claws you but does no damage.
You hit the steam dragon. You burn the steam dragon.
The steam dragon is severely wounded.
The steam dragon breathes steam at you. The ball of steam hits you!
* * * LOW HITPOINT WARNING * * *
The steam dragon closely misses you. The steam dragon claws you.
* * * LOW HITPOINT WARNING * * *
The steam dragon bites you!
You die...

....#+#######
#............
#............
#............
#............
#............
#............
##.D§§§##+##.
#.@...#
#.....#
#§§§..#
###.....#
#...<..##
#...>..#
#......#
#......#
#......#


You could see a steam dragon (poisoned).

Vanquished Creatures
  Sigmund (D:3)
  Edmund (D:4)
  A black bear (D:6)
  A necrophage (D:6)
  A centaur (D:5)
  A scorpion (D:4)
  2 jellies
  Ijyb (D:3)
  Natasha (thrice) (D:3)
  2 merfolk sirens (Sewer)
  2 worker ants
  A merfolk avatar (Sewer)
  A killer bee zombie (D:5)
  8 adders
  2 river rats (Sewer)
  A white imp (D:5)
  3 oozes
  An adder skeleton (D:5)
  3 worms
  A dart slug (D:2)
  8 leopard geckos
  7 orcs
  7 giant cockroaches
  4 goblins
  12 hobgoblins
  2 jackals (D:5)
  5 quokkas
  6 ball pythons
  6 bats
  9 frilled lizards
  5 kobolds
  A leopard gecko skeleton (D:4)
  A quokka zombie (D:5)
  26 rats
136 creatures vanquished.

Notes
Turn   | Place    | Note
-------+----------+-------------------------------------------
     0 | D:1      | voltaire321 the Octopode Venom Mage began the quest for the
                  | Orb.
     0 | D:1      | Reached XP level 1. HP: 11/11 MP: 3/3
   383 | D:1      | Reached XP level 2. HP: 15/18 MP: 1/5
   428 | D:1      | Learned a level 2 spell: Poisonous Vapours
  1156 | D:2      | Reached XP level 3. HP: 22/22 MP: 4/6
  1161 | D:2      | Learned a level 3 spell: Mephitic Cloud
  1302 | D:2      | Found an ornate altar of the Wu Jian Council.
  1398 | D:2      | Reached skill level 1 in Air Magic
  1543 | D:2      | Found a sacrificial altar of Ru.
  1781 | D:2      | Reached skill level 4 in Poison Magic
  1922 | D:2      | Reached XP level 4. HP: 27/27 MP: 5/7
  1952 | D:2      | Reached skill level 1 in Fighting
  2520 | D:3      | Found a shadowy altar of Dithmenos.
  2562 | D:3      | Found a runed translucent gate.
  2562 | D:3      | Found a runed translucent gate.
  2563 | D:3      | Found a runed translucent gate.
  2587 | D:3      | Noticed Katz's ghost (amateur OgHu)
  2589 | D:3      | Found a roughly hewn altar of Beogh.
  2589 | D:3      | Identified the +5 ring mail of Olotanoz {Regen+ Str+2 Int+3
                  | Dex-2}
  2706 | D:3      | Reached skill level 1 in Conjurations
  2904 | D:3      | Found a snail-covered altar of Cheibriados.
  2976 | D:3      | Noticed Natasha
  2984 | D:3      | Killed Natasha
  3278 | D:3      | Reached XP level 5. HP: 33/33 MP: 5/8
  3375 | D:3      | Noticed Ijyb
  3489 | D:3      | Killed Ijyb
  3565 | D:3      | Noticed Sigmund
  3595 | D:3      | Killed Sigmund
  3595 | D:3      | Reached skill level 1 in Shields
  3595 | D:3      | Reached XP level 6. HP: 24/38 MP: 3/10
  3604 | D:3      | Noticed Natasha
  3702 | D:3      | Killed Natasha
  3915 | D:3      | Noticed Natasha
  3927 | D:3      | Killed Natasha
  4853 | D:4      | Found an opulent altar of Gozag.
  4948 | D:4      | Reached XP level 7. HP: 38/44 MP: 7/11
  5008 | D:4      | Noticed Edmund
  5033 | D:4      | Killed Edmund
  5494 | D:4      | Found Cixzime's Jewellery Emporium.
  5560 | D:4      | Found a glowing golden altar of the Shining One.
  5757 | D:5      | Entered Level 5 of the Dungeon
  5774 | D:5      | Found a bloodstained altar of Trog.
  5774 | D:5      | Found a white marble altar of Elyvilon.
  6028 | D:5      | Found a glowing drain.
  6036 | Sewer    | Entered a sewer
  6340 | Sewer    | Reached XP level 8. HP: 50/50 MP: 5/12
  7241 | D:5      | Noticed Grinder
  7729 | D:6      | Reached skill level 5 in Poison Magic
  7764 | D:6      | Slain by a steam dragon

Illustrated notes

Levels and vault maps discovered:
D:1:      minmay_arrival_semitransparent, layout_basic, patterned_corridor
D:2:      layout_basic, overflow_temple_1_default, lemuel_crystal_altar
D:3:      layout_loops_ring, nicolae_overflow_hidden_temple,
          lemuel_doored_altar, biasface_ghost_orc_armoury, uniq_sigmund,
          uniq_natasha, uniq_ijyb
D:4:      layout_loops_ring, lemuel_crystal_altar, tso_oasis_becter,
          serial_shops, kennysheep_little_box, minmay_unequal, uniq_edmund
D:5:      layout_loops_ring, tgw_sif, amethyst_overflow_temple_binary,
          gup_sewer_entry_bubbles, minmay_holes, st_stairs_6, kennysheep_path_1,
          lemuel_statue_altar, uniq_grinder
D:6:      layout_gridville, lightli_minifort

Skill      XL: |  1  2  3  4  5  6  7  8 |
---------------+-------------------------+-----
Air Magic      | 1 2 3 |  3.5
Poison Magic   | 4 5 |  5.0
Fighting       | 1 2 |  2.5
Conjurations   | 1 2 3 |  3.3
Stealth        | 3 4 |  4.4
Shields        | 1 2 3 |  3.2
Transmutations | 2 |  2.9
Dodging        | 3 |  3.6
Spellcasting   | 3 |  3.3

Action                   |  1- 3 |  4- 6 |  7- 9 || total
-------------------------+-------+-------+-------++-------
Melee: Unarmed           |     7 |       |       ||     7
       Tentacles         |     5 |     7 |    14 ||    26
       Constrict         |     8 |     6 |    18 ||    32
       Dagger            |    24 |    25 |     3 ||    52
       Flail             |       |       |    48 ||    48
       Whip              |       |       |    27 ||    27
 Cast: Sting             |    46 |    37 |    43 ||   126
       Poisonous Vapours |     1 |    22 |    37 ||    60
Evoke: Wand              |       |       |     1 ||     1
  Use: Scroll            |       |     4 |     2 ||     6
       Potion            |       |     1 |     2 ||     3
 Stab: Sleeping          |       |       |     1 ||     1
Armor: Skin              |     1 |       |     8 ||     9
Dodge: Dodged            |    22 |    17 |    84 ||   123

Table legend: (Time is in decaauts)
 A = Elapsed time spent in this place.
 B = Non-inter-level travel time spent in this place.
 C = Inter-level travel time spent in this place.
 D = Time resting spent in this place.
 E = Time spent auto-exploring this place.
 F = Levels seen in this place.
 G = Mean time per level.
                   A        B        C        D        E       F      G
               +--------+--------+--------+--------+--------+-----+--------+
         Total |   7786 |   7649 |    137 |   2572 |   2579 |   7 | 1112.3 |
       Dungeon |   6911 |   6774 |    137 |   2241 |   2379 |   6 | 1151.8 |
         Sewer |    874 |    874 |      0 |    331 |    200 |   1 |  874.0 |
               +--------+--------+--------+--------+--------+-----+--------+

Top non-repeatable levels by time:
     D:3: 2140 daAuts
     D:2: 1389 daAuts
     D:4: 1169 daAuts
     D:1: 1123 daAuts
     D:5: 970 daAuts
   Sewer: 874 daAuts
     D:6: 119 daAuts
